 Dungeon Crawl Stone Soup version 0.22-a0-455-ga0624bf (webtiles) character file.

22334 KristoblXynda the Covert (level 12, -4/93 HPs)
             Began as a Naga Gladiator on June 5, 2018.
             Was the Champion of Cheibriados.
             Slain by a skeletal warrior
             ... wielding a +3 halberd of chopping
             ... led by a skeletal warrior
              (27 damage)
             ... on level 13 of the Dungeon.
             The game lasted 00:45:57 (15096 turns).

KristoblXynda the Covert (Naga Gladiator)          Turns: 15096, Time: 00:45:58

Health: -4/93      AC: 16    Str: 32    XL:     12   Next: 99%
Magic:  16/16      EV: 11    Int: 28    God:    Cheibriados [******]
Gold:   1390       SH:  8    Dex: 28    Spells: 11/11 levels left

rFire    . . .     SeeInvis +   z - +2 scimitar (drain)
rCold    + . .     Gourm    .   v - +1 buckler
rNeg     + . .     Faith    .   y - +1 chain mail {rC+}
rPois    +         Spirit   .   n - +1 helmet
rElec    .         Reflect  .   (no cloak)
rCorr    .         Harm     .   i - +0 pair of gloves
MR       ++...                  (no barding)
Stlth    +++.......             (no amulet)
HPRegen  0.25/turn              w - ring of protection from magic
MPRegen  0.15/turn              D - ring of positive energy

@: very slow
A: large, see invisible, deformed body, poison resistance, slowness 2, slow
metabolism 1, spit poison 1, AC +4
a: Spit Poison, Bend Time, Temporal Distortion, Slouch, Step From Time, Renounce
Religion


You were on level 13 of the Dungeon.
You worshipped Cheibriados.
Cheibriados was exalted by your worship.
You were not hungry.

You visited 3 branches of the dungeon, and saw 15 of its levels.
You also visited: Bailey.

You collected 1564 gold pieces.
You spent 174 gold pieces at shops.

Inventory:

Hand Weapons
 z - a +2 scimitar of draining (weapon)
Missiles
 d - 3 throwing nets
 p - 33 tomahawks of returning (quivered)
Armour
 i - a +0 pair of gloves (worn)
 n - a +1 helmet (worn)
 v - a +1 buckler (worn)
 y - a +1 chain mail of cold resistance (worn)
 H - a +0 troll leather armour
Jewellery
 t - an uncursed ring of flight
 w - a ring of protection from magic (left hand)
 D - a ring of positive energy (right hand)
Wands
 a - a wand of scattershot (1)
 q - a wand of clouds (2)
 s - a wand of digging (23)
Scrolls
 b - 5 scrolls of teleportation
 e - 4 scrolls of fear
 g - 11 scrolls of remove curse
 h - 2 scrolls of amnesia
 k - a scroll of blinking
 m - a scroll of enchant armour
 r - 2 scrolls of immolation
 x - 2 scrolls of identify
 C - 2 scrolls of enchant weapon
Potions
 c - a potion of flight
 j - 4 potions of lignification
 l - 3 potions of resistance
 B - 3 potions of curing
Miscellaneous
 u - a crystal ball of energy
Comestibles
 f - 21 rations
 o - 3 chunks of flesh


   Skills:
 - Level 2.0 Fighting
 + Level 12.5 Long Blades
 - Level 2.0 Throwing
 + Level 8.8 Armour
 - Level 5.2 Dodging
 + Level 13.3 Stealth
 - Level 3.1 Shields
 + Level 6.4 Invocations
 - Level 5.6 Evocations


You had 11 spell levels left.
You didn't know any spells.
Your spell library contained the following spells:

 Spells                   Type           Power        Failure   Level  Hunger
 Confuse                  Hex            #.......     77%         3    ####...
 Tukima's Dance           Hex            #.......     77%         3    ####...
 Ensorcelled Hibernation  Hex/Ice        #.....       54%         2    ###....
 Corona                   Hex            #......      38%         1    ##.....
 Dazzling Spray           Conj/Hex       #.....       77%         3    ####...


Dungeon Overview and Level Annotations

Branches:
Dungeon (13/15)            Temple (1/1) D:7            Lair (0/6) D:8
    Orc (1/2) D:12
 Vaults: D:13-14

Altars:
Ashenzari
Cheibriados
Dithmenos
Elyvilon
Fedhas
Gozag
Hepliaklqana
Kikubaaqudgha
Makhleb
Nemelex Xobeh
Okawaru
Qazlal
Ru
Sif Muna
Trog
Uskayaw
Vehumet
Wu Jian
Xom
Yredelemnul
Zin
The Shining One
Lugonu

Shops:
D:6 *

Portals:
Trove: D:11 (show abyssal rune of Zot)


Innate Abilities, Weirdness & Mutations

You cannot wear boots.
Your serpentine skin is tough. (AC +4)
You have supernaturally acute eyesight. (SInv)
Armour fits poorly on your strangely shaped body.
Your system is resistant to poisons. (rPois)
You cover ground very slowly.
You have a slow metabolism.
You can spit poison.


Message History

You slice the skeletal warrior!!
The skeletal warrior is moderately damaged.
You hit the skeletal warrior but do no damage.
The skeletal warrior is moderately damaged.
The skeletal warrior hits you with a halberd of chopping.
You hit the skeletal warrior.
The skeletal warrior is moderately damaged.
The skeletal warrior completely misses you.
You barely miss the skeletal warrior.
The skeletal warrior is moderately damaged.
You slash the skeletal warrior!
The skeletal warrior is severely damaged.
The skeletal warrior hits you with a halberd of chopping!
* * * LOW HITPOINT WARNING * * *
x2 You slash the skeletal warrior!
The skeletal warrior is severely damaged.
You slash the skeletal warrior!
The skeletal warrior is almost destroyed.
The skeletal warrior hits you with a halberd of chopping!!
You die...

######.# #.#####. #......#
#....... #.####.# #...###.
#.#....# #.#.# ##
#.#.##.##### ..###.#.#
#.#.#......# F #......#
#......###.# .....#.#.#
###.#.####)###..##..#.#.####
#((((.)))@z.......z.....#.
###.####.##.............#.
#.# #.# ##'#######..#. #..
... #.... ########. #..#) ..
#.... .# #..#. .# #.### #..
#


You could see a skeletal warrior.

Vanquished Creatures
  Josephine (D:13)
  A centaur warrior (D:13)
  4 two-headed ogres
  An orc knight (Bailey)
  Pikel (D:5)
  The ghost of Mgcat the Cleaver, a novice HOBe of Trog (D:5)
  A manticore (D:12)
  A cyclops (D:11)
  An ugly thing (D:13)
  A deep elf mage (D:13)
  A centaur skeleton (D:9)
  3 trolls
  A meliai (D:13)
  A hornet (shapeshifter) (D:13)
  Prince Ribbit (D:6)
  4 slime creatures (D:12)
  A hippogriff (D:7)
  Sigmund (D:6)
  6 wraiths (D:13)
  2 basilisks (D:13)
  19 yaks
  A steam dragon (D:10)
  2 hungry ghosts (D:12)
  Menkaure (D:7)
  A two-headed ogre zombie (D:12)
  Edmund (D:4)
  A swamp worm (D:8)
  A water moccasin (D:5)
  12 orc warriors
  5 sky beasts
  7 ogres
  4 phantoms
  An ice beast (D:9)
  13 centaurs
  A crocodile (D:11)
  2 big kobolds
  2 wyvern zombies
  10 bullfrogs
  3 scorpions
  4 troll zombies (D:12)
  18 killer bees
  6 howler monkeys
  A vampire bat (D:12)
  2 electric eels (D:6)
  2 bullfrog zombies
  4 crimson imps
  6 centaur zombies
  A quasit (D:7)
  7 jellies
  8 orc wizards
  6 orc priests
  3 hounds
  A bullfrog skeleton (D:12)
  Ijyb (D:7)
  Natasha (thrice) (D:2)
  9 worker ants
  2 iguanas
  3 ogre zombies (D:12)
  A hound zombie (D:7)
  A hound skeleton (D:8)
  A howler monkey zombie (D:5)
  A worker ant zombie (D:8)
  17 adders
  7 gnolls
  9 oozes
  2 adder zombies
  An adder skeleton (D:3)
  10 dart slugs
  6 leopard geckos
  41 orcs
  4 giant cockroaches
  8 goblins
  7 hobgoblins
  31 jackals
  6 quokkas
  13 bats
  8 frilled lizards
  A giant cockroach zombie (D:3)
  2 hobgoblin skeletons (D:12)
  3 hobgoblin zombies (D:12)
  29 kobolds
  A leopard gecko skeleton (D:6)
  An orc skeleton (D:12)
  19 orc zombies (D:12)
  A quokka skeleton (D:6)
  7 rats
446 creatures vanquished.

Vanquished Creatures (others)
  A slave (D:5)
  An iguana (D:5)
  An adder (D:5)
  A dart slug (D:6)
  An orc (D:5)
  A rat (D:5)
6 creatures vanquished.

Grand Total: 452 creatures vanquished

Notes
Turn   | Place    | Note
-------+----------+-------------------------------------------
     0 | D:1      | KristoblXynda the Naga Gladiator began the quest for the Orb.
     0 | D:1      | Reached XP level 1. HP: 19/19 MP: 1/1
   170 | D:1      | Reached XP level 2. HP: 24/26 MP: 2/2
   873 | D:1      | You fall through a shaft!
   905 | D:2      | Noticed Natasha
   909 | D:2      | Noticed a crimson imp
   910 | D:2      | Killed Natasha
   910 | D:2      | Reached XP level 3. HP: 24/32 MP: 3/3
   915 | D:2      | Noticed Natasha
   936 | D:2      | HP: 1/32 [Natasha (6)]
   944 | D:2      | Killed Natasha
   944 | D:2      | Reached skill level 1 in Armour
   944 | D:2      | Reached XP level 4. HP: 21/39 MP: 4/4
  1080 | D:2      | Noticed Natasha
  1088 | D:2      | Killed Natasha
  1189 | D:2      | Found an ornate altar of the Wu Jian Council.
  1446 | D:2      | Reached XP level 5. HP: 45/45 MP: 5/5
  2246 | D:3      | Found a hide-covered altar of Uskayaw.
  2588 | D:3      | Found an iron altar of Okawaru.
  2868 | D:4      | Found a bloodstained altar of Trog.
  2901 | D:4      | Reached skill level 5 in Long Blades
  2901 | D:4      | Reached XP level 6. HP: 51/52 MP: 6/6
  2991 | D:4      | Noticed Edmund
  3024 | D:4      | Killed Edmund
  3045 | D:4      | Found a burning altar of Makhleb.
  3124 | D:4      | Found a shadowy altar of Dithmenos.
  3233 | D:4      | Reached XP level 7. HP: 51/60 MP: 7/7
  3255 | D:4      | Found a snail-covered altar of Cheibriados.
  3399 | D:4      | Found a sparkling altar of Nemelex Xobeh.
  3467 | D:5      | Entered Level 5 of the Dungeon
  3467 | D:5      | Noticed Pikel
  3477 | D:5      | Noticed Ijyb
  3486 | D:5      | Noticed Mgcat's ghost (novice HOBe)
  3918 | D:5      | HP: 3/60 [acid (6)]
  4147 | D:5      | Killed Mgcat's ghost
  4147 | D:5      | Reached XP level 8. HP: 38/67 MP: 8/8
  4558 | D:5      | Killed Pikel
  4558 | D:5      | Reached skill level 5 in Dodging
  4558 | D:5      | Reached skill level 1 in Shields
  4558 | D:5      | Reached XP level 9. HP: 32/73 MP: 9/9
  4560 | D:5      | Found an opulent altar of Gozag.
  4563 | D:5      | Found a hazy altar of Hepliaklqana.
  4604 | D:4      | Became a worshipper of Cheibriados the Contemplative
  4919 | D:6      | Found a shattered altar of Ashenzari.
  4947 | D:6      | Found a glowing golden altar of the Shining One.
  4976 | D:6      | Noticed Sigmund
  4988 | D:6      | Killed Sigmund
  4988 | D:6      | Reached skill level 1 in Stealth
  5061 | D:6      | Reached skill level 2 in Stealth
  5067 | D:6      | Reached * piety under Cheibriados
  5111 | D:6      | Found Ybrutzus's Assorted Antiques.
  5119 | D:6      | Bought 2 potions of lignification for 174 gold pieces
  5589 | D:6      | Found a stormy altar of Qazlal.
  5596 | D:6      | Noticed Prince Ribbit
  5604 | D:6      | Killed Prince Ribbit
  5604 | D:6      | Reached skill level 3 in Stealth
  6371 | D:7      | Reached ** piety under Cheibriados
  6371 | D:7      | Reached skill level 4 in Stealth
  6372 | D:7      | Reached skill level 5 in Armour
  6462 | D:7      | Killed Ijyb
  6522 | D:7      | Found a staircase to the Ecumenical Temple.
  6527 | Temple   | Entered the Ecumenical Temple
  6588 | D:7      | Found a flagged portal.
  6610 | Bailey   | Entered a bailey
  6620 | Bailey   | Noticed an orc knight
  6692 | Bailey   | Reached *** piety under Cheibriados
  6692 | Bailey   | Reached skill level 5 in Stealth
  6692 | Bailey   | Reached XP level 10. HP: 80/80 MP: 10/10
  6693 | Bailey   | Reached skill level 1 in Evocations
  6832 | Bailey   | Got a slimy robe
  6844 | Bailey   | Identified the +5 robe of Curim {rPois Dex+2 Slay-4 Stlth+} (You took it off a kobold in a bailey)
  7196 | Bailey   | Killed an orc knight
  7196 | Bailey   | Reached skill level 10 in Long Blades
  7196 | Bailey   | Reached skill level 6 in Stealth
  7513 | D:7      | Found a sacrificial altar of Ru.
  7570 | D:7      | Noticed Menkaure
  7576 | D:7      | Killed Menkaure
  7703 | D:7      | Found a shimmering altar of Xom.
  7737 | D:7      | Reached **** piety under Cheibriados
  7764 | D:7      | Found a sparkling altar of Nemelex Xobeh.
  7989 | D:8      | Noticed a two-headed ogre
  7994 | D:8      | a two-headed ogre changed into a swamp worm
  8003 | D:8      | Reached skill level 7 in Stealth
  8041 | D:8      | HP: 2/80 [worker ant (5)]
  8051 | D:8      | HP: 2/80 [poisoned by a scorpion]
  8057 | D:8      | HP: 3/80 [poisoned by a scorpion]
  8629 | D:8      | Found a staircase to the Lair.
  9286 | D:9      | Reached skill level 8 in Stealth
  9505 | D:9      | Reached ***** piety under Cheibriados
  9541 | D:9      | Noticed a two-headed ogre
  9548 | D:9      | Killed a two-headed ogre
  9548 | D:9      | Reached XP level 11. HP: 53/86 MP: 12/14
  9996 | D:9      | Reached skill level 9 in Stealth
 10156 | D:10     | Entered Level 10 of the Dungeon
 11371 | D:11     | Reached skill level 5 in Evocations
 11559 | D:11     | Noticed a cyclops
 11569 | D:11     | Killed a cyclops
 11624 | D:11     | Found a portal to a secret trove of treasure.
 11791 | D:11     | Reached skill level 10 in Stealth
 11874 | D:11     | Reached skill level 1 in Invocations
 12182 | D:12     | Noticed a manticore
 12188 | D:12     | HP: 4/86 [manticore/volley of spikes (20)]
 12190 | D:12     | Killed a manticore
 12197 | D:12     | HP: 2/86 [troll zombie (5)]
 12322 | D:12     | Reached ****** piety under Cheibriados
 12428 | D:12     | Reached skill level 11 in Stealth
 12553 | D:12     | Found a staircase to the Orcish Mines.
 12602 | D:12     | Found an ornate altar of the Wu Jian Council.
 12770 | D:12     | Reached XP level 12. HP: 91/93 MP: 16/16
 13218 | Orc:1    | Entered Level 1 of the Orcish Mines
 13220 | Orc:1    | Noticed a two-headed ogre
 13245 | Orc:1    | Killed a two-headed ogre
 13650 | D:13     | Reached skill level 12 in Stealth
 13959 | D:13     | Noticed Josephine
 13974 | D:13     | Killed Josephine
 13974 | D:13     | Reached skill level 5 in Invocations
 14314 | D:13     | Noticed a two-headed ogre
 14319 | D:13     | Killed a two-headed ogre
 14558 | D:13     | Noticed a two-headed ogre
 14573 | D:13     | Killed a two-headed ogre
 14661 | D:13     | Reached skill level 13 in Stealth
 14977 | D:13     | Noticed a centaur warrior
 14985 | D:13     | Killed a centaur warrior
 15096 | D:13     | Slain by a skeletal warrior

Vault maps used:
D:1:      lightli_arrival_maybe_door_vault, serial_forest,
          infiniplex_forest_clump_curved, infiniplex_forest_straight_2,
          infiniplex_forest_clump_small, infiniplex_forest_clump_medium,
          infiniplex_forest_lined_corner, infiniplex_forest_clump_medium,
          infiniplex_forest_fountain, infiniplex_forest_end_double,
          infiniplex_forest_fountain, minmay_tetromino_i2
D:2:      overflow_temple_1_default, first_ration, uniq_natasha
D:3:      nicolae_overflow_crystal_walls, old_standard_altar, serial_undead,
          serial_undead_c, serial_undead_f, serial_undead_d, serial_undead_e
D:4:      cheibrodos_old_hovel, lemuel_doored_altar,
          nicolae_overflow_hidden_temple,
          nicolae_dithmenos_through_a_glass_darkly, kennysheep_mini,
          nemelex_dance_club_becter, uniq_edmund
D:5:      gammafunk_temple_overflow_statue, uniq_ijyb, uniq_pikel
D:6:      kennysheep_slugbush, lemuel_crystal_altar, grunt_qazlal_sundering,
          overflow_temple_1_default, serial_shops, shop, minmay_misc_feat_five,
          uniq_sigmund, uniq_prince_ribbit1
D:7:      nicolae_ru_great_annihilating_truth, grunt_temple_overflow_open,
          minmay_temple_entry_statues_pillars, enter_bailey_2, uniq_menkaure
D:8:      lair_entry_dummy, hangedman_little_slice_of_home,
          serial_park_tiny_pond, kennysheep_generic_room_11
D:11:     nicolae_trove_entry_crystal
D:12:     zombieorc2_lemuel, basic_altar, roderic_batcave
D:13:     minivault_25_ag, eino_jars, uniq_josephine
Temple:   corrupted_temple
Bailey:   bailey_axe_4, bailey

Skill      XL: |  1  2  3  4  5  6  7  8  9 10 11 12 |
---------------+-------------------------------------+-----
Throwing       | 2 |  2.0
Long Blades    | 4 5 7 8 9 10 11 12 | 12.5
Armour         | 1 2 3 4 5 6 7 8 |  8.8
Dodging        | 3 4 5 |  5.2
Shields        | 1 3 |  3.1
Stealth        | 5 8 11 13 | 13.3
Evocations     | 4 5 |  5.6
Invocations    | 3 6 |  6.4
Fighting       | |  2.0

Action                   |  1- 3 |  4- 6 |  7- 9 | 10-12 || total
-------------------------+-------+-------+-------+-------++-------
Melee: Long sword        |    77 |   203 |       |       ||   280
       Scimitar          |       |       |   274 |   949 ||  1223
Throw: Tomahawk          |       |       |    30 |    43 ||    73
       Throwing net      |       |       |       |     1 ||     1
Invok: Bend Time         |       |       |       |     1 ||     1
 Abil: Spit Poison       |       |     1 |    11 |    18 ||    30
       Evoke Flight      |       |       |       |     7 ||     7
Evoke: Wand              |       |       |    17 |    10 ||    27
  Use: Potion            |     4 |     1 |     4 |     4 ||    13
       Scroll            |       |     4 |    12 |     7 ||    23
 Stab: Held in net/web   |       |       |       |     2 ||     2
       Paralysed         |       |       |       |     1 ||     1
       Sleeping          |       |       |       |     6 ||     6
       Distracted        |       |       |       |     2 ||     2
  Eat: Chunk             |       |     7 |     4 |     8 ||    19
       Ration            |       |       |     2 |     4 ||     6
Armor: Ring mail         |    40 |    96 |   138 |     7 ||   281
       Leather armour    |     3 |       |       |       ||     3
       Skin              |       |    18 |       |       ||    18
       Chain mail        |       |       |       |   435 ||   435
       Troll leather arm |       |       |       |    21 ||    21
Dodge: Dodged            |    53 |   144 |   195 |   505 ||   897
Block: Buckler           |       |       |   109 |   389 ||   498
       Rpst.: Long sword |    17 |    44 |       |       ||    61
       Scimitar          |       |       |    41 |   140 ||   181

Table legend:
 A = Spawn XP
 B = Non-spawn XP
 C = Spawn XP percentage of total XP
 D = Spawn monster count
 E = Non-spawn monster count
 F = Spawn count percentage of total count
 G = Total turns spent on level
                    A         B        C        D         E        F      G
               +---------+---------+-------+---------+---------+-------+---------
         Total |       0 |   31906 |   0.0 |       0 |     447 |   0.0 | 15096
               +---------+---------+-------+---------+---------+-------+---------
           D:1 |       0 |      30 |   0.0 |       0 |      20 |   0.0 |  1041
           D:2 |       0 |     165 |   0.0 |       0 |      22 |   0.0 |   939
           D:3 |       0 |      92 |   0.0 |       0 |      18 |   0.0 |   863
           D:4 |       0 |     342 |   0.0 |       0 |      26 |   0.0 |   987
           D:5 |       0 |    1959 |   0.0 |       0 |      20 |   0.0 |  1087
           D:6 |       0 |    1362 |   0.0 |       0 |      35 |   0.0 |  1448
           D:7 |       0 |    1335 |   0.0 |       0 |      31 |   0.0 |   687
           D:8 |       0 |     948 |   0.0 |       0 |      25 |   0.0 |  1210
           D:9 |       0 |    2370 |   0.0 |       0 |      25 |   0.0 |   959
          D:10 |       0 |    1254 |   0.0 |       0 |      24 |   0.0 |  1206
          D:11 |       0 |    4193 |   0.0 |       0 |      29 |   0.0 |   703
          D:12 |       0 |    4718 |   0.0 |       0 |      80 |   0.0 |  1194
          D:13 |       0 |   10646 |   0.0 |       0 |      57 |   0.0 |  1609
         Orc:1 |       0 |    1129 |   0.0 |       0 |       8 |   0.0 |   228
        Bailey |       0 |    1363 |   0.0 |       0 |      27 |   0.0 |   895
               +---------+---------+-------+---------+---------+-------+---------
